 Dungeon Crawl Stone Soup version 0.21.1-1-g345015f (webtiles) character file.

280 Fang the Chopper (level 6, 0/58 HPs)
             Began as a Gargoyle Berserker on Apr 26, 2018.
             Was a Believer of Trog.
             Slain by a hippogriff (4 damage)
             ... on level 3 of the Dungeon.
             The game lasted 00:06:08 (2725 turns).

Fang the Chopper (Gargoyle Berserker)               Turns: 2725, Time: 00:06:08

Health: 0/58       AC:  6    Str: 27    XL:     6   Next: 27%
Magic:  6/6        EV: 12    Int:  8    God:    Trog [**....]
Gold:   127        SH:  0    Dex:  9    Spells: 5/5 levels left

rFire    . . .     SeeInvis .   h - +0 hand axe (freeze)
rCold    . . .     Gourm    .   (no shield)
rNeg     + + .     Faith    .   b - +0 animal skin
rPois    ∞         Spirit   .   (no helmet)
rElec    +         Reflect  .   (no cloak)
rCorr    .         Harm     .   (no gloves)
MR       .....                  (no boots)
Stlth    ..........             (no amulet)
HPRegen  0.19/turn              d - ring of positive energy
MPRegen  0.10/turn              (no ring)

@: berserking, very quick
A: negative energy resistance 1, electricity resistance, unbreathing,
petrification resistance, rot immunity, AC +4
a: Berserk, Trog's Hand, Burn Spellbooks, Renounce Religion


You were on level 3 of the Dungeon.
You worshipped Trog.
Trog was pleased with you.
You were very hungry.

You visited 1 branch of the dungeon, and saw 3 of its levels.

You collected 127 gold pieces.

Inventory:

Hand Weapons
 h - a +0 hand axe of freezing (weapon)
 j - a +1 mace of crushing
 m - a +1 whip of freezing
Armour
 b - a +0 animal skin (worn)
Jewellery
 d - a ring of positive energy (left hand)
Scrolls
 l - a scroll of remove curse
Potions
 e - 6 potions of curing
 f - 3 potions of mutation
 g - a potion of might
 i - a potion of brilliance
 k - 2 potions of lignification
 o - a potion of cancellation
Comestibles
 c - 7 rations


   Skills:
 + Level 4.4 Fighting
 + Level 4.8 Axes
 + Level 0.5(3.3) Maces & Flails
 + Level 2.5 Armour
 + Level 2.5 Dodging
 + Level 1.4 Stealth


You had 5 spell levels left.
You didn't know any spells.

Dungeon Overview and Level Annotations

Branches:
Dungeon (3/15)

Altars:
Trog


Innate Abilities, Weirdness & Mutations

You are resistant to torment.
Your stone body is resilient. (AC +4)
You are immune to poison.
You resist negative energy. (rN+)
You are resistant to electric shocks. (rElec)
You can survive without breathing.
You are immune to petrification.
You are immune to rotting.


Message History

You are feeling very hungry.
The hippogriff bites you!
* * * LOW HITPOINT WARNING * * *
The hippogriff pecks you.
* * * LOW HITPOINT WARNING * * *
The hippogriff closely misses you.
You completely miss the hippogriff.
The hippogriff is lightly wounded.
You completely miss the hippogriff.
The hippogriff is lightly wounded.
The hippogriff bites you but does no damage.
The hippogriff pecks you.
* * * LOW HITPOINT WARNING * * *
The hippogriff barely misses you.
You slice the hippogriff!! You freeze the hippogriff.
The hippogriff is severely wounded.
The hippogriff closely misses you. The hippogriff pecks you.
* * * LOW HITPOINT WARNING * * *
The hippogriff claws you.
You die...

...#.# #.##...####...#### #####
##.#.# ##.......##....##.. ...#
#.#.####.....(..##.##.##.#####.#
#.#>............##.##.##.#......
#.#..........#####....##.#.#.#..
#....#...#...# #..#.##.#.###.#
######...#...#####..#.##.#......
#...#................)####.
##...##....@H.#...)...#####.
##.....##................#...
#.......#............))####.#
##.......##........).#.)))....
#...≈≈.≈≈≈#..(..###..########.
#≈≈..≈≈≈.≈###.### #... #....
#≈≈≈≈≈≈≈≈≈# #.. .... #....
##≈≈≈≈≈≈≈## ##.# #.... #####
#≈≈≈≈≈≈≈# .# ..


You could see a hippogriff.

Vanquished Creatures
  A scorpion (D:3)
  2 orc wizards (D:3)
  Robin (D:3)
  4 adders
  3 gnolls (D:2)
  An ooze (D:1)
  A worm (D:2)
  2 dart slugs
  2 leopard geckos (D:1)
  7 orcs (D:3)
  8 bats
  5 giant cockroaches
  17 goblins
  10 hobgoblins
  2 jackals (D:2)
  A quokka (D:3)
  5 frilled lizards
  3 kobolds
  5 rats
80 creatures vanquished.

Notes
Turn   | Place    | Note
-------+----------+-------------------------------------------
     0 | D:1      | Fang the Gargoyle Berserker began the quest for the Orb.
     0 | D:1      | Reached XP level 1. HP: 14/14 MP: 1/1
    53 | D:1      | Reached XP level 2. HP: 19/19 MP: 2/2
   269 | D:1      | Reached XP level 3. HP: 24/24 MP: 3/3
   707 | D:2      | Found a bloodstained altar of Trog.
   717 | D:2      | Reached ** piety under Trog
   724 | D:2      | Reached XP level 4. HP: 20/29 MP: 4/4
  1988 | D:3      | Noticed Robin
  1992 | D:3      | Reached XP level 5. HP: 33/33 MP: 5/5
  1993 | D:3      | Killed Robin
  1993 | D:3      | Reached skill level 1 in Stealth
  2439 | D:3      | Reached XP level 6. HP: 38/38 MP: 6/6
  2713 | D:3      | Noticed a hippogriff
  2725 | D:3      | Slain by a hippogriff

Skill      XL: |  1  2  3  4  5 |
---------------+----------------+-----
Axes           | 3 4 |  4.8
Dodging        | 2 |  2.5
Stealth        | 1 |  1.4
Fighting       | 4 |  4.4
Maces & Flails | |  0.5
Armour         | |  2.5

Action                   |  1- 3 |  4- 6 || total
-------------------------+-------+-------++-------
Melee: Hand axe          |    86 |   104 ||   190
       Mace              |       |    23 ||    23
       Whip              |       |     5 ||     5
Invok: Berserk           |     1 |     3 ||     4
  Use: Scroll            |       |    10 ||    10
       Potion            |       |     1 ||     1
 Stab: Sleeping          |     2 |     2 ||     4
  Eat: Chunk             |       |     8 ||     8
Armor: Animal skin       |    38 |    45 ||    83
Dodge: Dodged            |    72 |   101 ||   173
